 Dungeon Crawl Stone Soup version 0.30.0-5-g1a98f26d00 (webtiles) character file.

Game seed: 17401200997531624801

62 backslashecho the Chopper (level 4, -3/37 HPs)
             Began as a Meteoran Reaver on May 8, 2023.
             Killed from afar by an orc wizard (6 damage)
             ... with a magic dart
             ... on level 3 of the Dungeon.
             The game lasted 00:06:36 (1159 turns).

backslashecho the Chopper (Meteoran Reaver)         Turns: 1159, Time: 00:06:36

Health: -3/37      AC:  3    Str: 14    XL:     4   Next: 53%
Magic:  9/9        EV: 13    Int: 15    God:
Gold:   78         SH:  0    Dex: 14    Spells: 8/9 levels left

rFire   . . .        a - +0 hand axe
rCold   . . .        (no shield)
rNeg    . . .        j - +1 toga "Victory" {*Victory Int+1 Slay+1 Clar}
rPois   .            (no helmet)
rElec   .            (no cloak)
rCorr   .            (no gloves)
SInv    .            (no boots)
Will    .....        (no amulet)
Stlth   +            (no ring)
HPRegen 0.26/turn    (no ring)
MPRegen 0.11/turn

%: clarity
@: glowing
A: sense surroundings 1, otherworldly, glowing, explore regen
a: no special abilities


You were on level 3 of the Dungeon.
You visited 1 branch of the dungeon, and saw 5 of its levels.

You collected 78 gold pieces.

Inventory:

Hand Weapons
 a - a +0 hand axe (weapon)
 b - a +1 sling of electrocution
Missiles
 f - 2 curare-tipped darts
Armour
 j - the +1 toga "Victory" (worn) {*Victory Int+1 Slay+1 Clar}
   (You found it on level 2 of the Dungeon)

   *Victory:  When the wearer kills a threatening monster, it has a chance to
   gain +1 AC, +1 Slay, and +1 Int, capping at +7.
   When the wearer uses a scroll or a potion with a hostile monster in sight,
   its bonuses reset to +0.
   Unequipping it also resets its bonuses to +0.
   Int:       It affects your intelligence (+1).
   Slay:      It affects your accuracy & damage with ranged weapons and melee
   (+1).
   Clar:      It protects you from confusion, rage, mesmerisation and fear.
 k - a +1 leather armour
Scrolls
 d - 5 scrolls of identify
 g - 2 scrolls of teleportation
 i - 3 scrolls of amnesia
 l - 2 scrolls of fog {unknown}
Potions
 c - a potion of degeneration {unknown}
 e - a potion of berserk rage {unknown}
 h - a potion of attraction {unknown}


   Skills:
 * Level 2.7 Fighting
 * Level 4.5 Axes
 + Level 3.0 Dodging
 - Level 1.0 Unarmed Combat
 - Level 3.0 Spellcasting
 - Level 4.0 Conjurations
 - Level 0.4 Necromancy


You had 8 spell levels left.
You knew the following spells:

 Your Spells              Type           Power      Damage    Failure   Level
a - Kiss of Death         Conj/Necr      32%        2d7       9%          1

Your spell library contained the following spells:

 Spells                   Type           Power      Damage    Failure   Level
 Momentum Strike          Conj/Tloc      16%        3d8       13%         2
 Hailstorm                Conj/Ice       8%         3d4       26%         3
 Manifold Assault         Tloc           2%         N/A       89%         4
 Dispersal                Tloc           1%         N/A       100%        6
 Disjunction              Tloc           1%         N/A       100%        8


Dungeon Overview and Level Annotations

Branches:
Dungeon (5/15) Zot: 1823
 Temple: D:4-7

Altars:


Innate Abilities, Weirdness & Mutations

You passively map a small area around you.
You are easily found by Zot.
You glow in the dark.
You regain HP and MP as you explore.


Message History

An orc wizard comes into view. It is wielding a +0 dagger.
Found 18 gold pieces.
The orc wizard shouts!
An orc wizard and an orc come into view.
The orc wizard shouts!
The orc shouts!
The orc wizard moves out of view.
An orc comes into view. It is wielding a +0 flail.
The orc shouts!
The orc wizard gestures at you while chanting.
The puff of flame misses you.
You see here a scroll of identify.
You shoot a sling bullet. The sling bullet hits the orc wizard.
The orc wizard is lightly wounded.
Your +1 sling of electrocution stops crackling.
a - a +0 hand axe (weapon)
You closely miss the orc wizard.
The orc wizard is lightly wounded.
The orc wizard points at you and mumbles some strange words.
The magic dart hits you!
You take 9 damage, and have 28/37 hp.
MASSIVE DAMAGE!!
d - 5 scrolls of identify (gained 1)
The orc barely misses you.
The orc wizard hits you but does no damage.
The orc barely misses you. The orc closely misses you.
The orc wizard hits you with a +0 dagger.
You regained 3 hp, and now have 31/37 hp.
You hit the orc wizard but do no damage.
The orc wizard is lightly wounded.
You hit the orc but do no damage. You closely miss the orc wizard.
You hit the orc. The orc hits you with a +0 flail.
The orc hits you with a +0 flail!
The orc wizard hits you with a +0 dagger.
The orc wizard gestures at you while chanting.
You resist with some effort.
You take 16 damage, and have 15/37 hp.
MASSIVE DAMAGE!!
You hit the orc.
The orc is heavily wounded.
You hit the orc. You hit the orc wizard.
You hit the orc wizard but do no damage.
The orc hits you with a +0 flail. x2
* * * LOW HITPOINT WARNING * * *
The orc wizard hits you with a +0 dagger.
* * * LOW HITPOINT WARNING * * *
The orc wizard hits you but does no damage.
The orc wizard closely misses you. The orc hits you with a +0 flail.
* * * LOW HITPOINT WARNING * * *
The orc hits you but does no damage.
The orc wizard gestures at you while chanting.
The magic dart hits you.
You die...

#...#
#.#.###.#.##
#...# #.#.#
.....,
####...#####.#.#
#.#.##
#............#..
#w#.#
#......#########
.# # #......# ,
#......# *
#....o.#
#....o@# * ,
#....oo# * ,
#....... ,
#........ ,
#.$....... *
#.......... , ,
#........... ,
#.###........ *


You could see 2 orc wizards and 2 orcs.

Vanquished Creatures
  An adder (D:2)
  A worm (D:3)
  5 ball pythons
  4 endoplasms
  A giant cockroach (D:1)
  4 goblins
  6 hobgoblins
  3 jackals (D:2)
  4 kobolds (D:2)
  3 quokkas
  4 bats
  4 frilled lizards
  3 rats
43 creatures vanquished.

Notes
Turn   | Place    | Note
-------+----------+-------------------------------------------
     0 | D:1      | backslashecho the Meteoran Reaver began the quest for the
                  | Orb.
     0 | D:1      | Reached XP level 1. HP: 17/17 MP: 5/5
   136 | D:1      | Reached XP level 2. HP: 23/24 MP: 6/6
   332 | D:1      | Reached XP level 3. HP: 26/30 MP: 6/8
   529 | D:2      | Reached skill level 1 in Unarmed Combat
   548 | D:2      | Found the +0 toga "Victory" {*Victory Clar}
   969 | D:2      | Reached XP level 4. HP: 37/37 MP: 9/9
  1103 | D:5      | Entered Level 5 of the Dungeon
  1159 | D:3      | Killed from afar by an orc wizard

Illustrated notes

Levels and vault maps discovered:
D:1:      dpeg_arrival_houses_and_road, layout_basic
D:2:      layout_basic, kennysheep_generic_room_15
D:3:      layout_basic, serial_shops, nicolae_lakefront_shop,
          kennysheep_generic_room_16
D:4:      layout_loops_ring, trog_wizard, pdpol_wu_jian_five_deadly_venoms,
          nicolae_tso_swordbearing_angel, amcnicky_altar_gilded
D:5:      minmay_chambers_of_fours, layout_cave_pools, temple_doors_ab,
          minmay_between

Skill      XL: |  1  2  3  4 |
---------------+-------------+-----
Axes           | 4 |  4.5
Spellcasting   | 3 |  3.0
Unarmed Combat | 1 |  1.0
Conjurations   | 4 |  4.0
Dodging        | 3 |  3.0
Fighting       | |  2.7
Necromancy     | |  0.4

Action                     |  1- 3 |  4- 6 || total
---------------------------+-------+-------++-------
  Melee: Hand axe          |    96 |     9 ||   105
         Punch             |     1 |       ||     1
   Fire: Sling             |    13 |    14 ||    27
    Use: Scroll            |     4 |       ||     4
 Armour: Leather armour    |    42 |       ||    42
         Robe              |     1 |     4 ||     5
  Dodge: Dodged            |    56 |    16 ||    72
